 Dungeon Crawl Stone Soup version 0.20.1-1-g8b1a95d (webtiles) character file.

708 Targos the Sneak (level 8, 0/90 HPs)
             Began as a Human Assassin on Sept 10, 2017.
             Slain by an orc priest
             ... wielding a +0 trident
              (1 damage)
             ... on level 6 of the Dungeon.
             The game lasted 00:30:52 (3911 turns).

Targos the Sneak (Human Assassin)                   Turns: 3911, Time: 00:30:53

Health: 0/90       AC:  9    Str: 17    XL:     8   Next: 0%
Magic:  8/8        EV: 11    Int: 12    God:
Gold:   284        SH:  0    Dex: 16    Spells: 7/7 levels left

rFire    . . .     SeeInvis +   a - +4 dagger
rCold    . . .     Gourm    .   (no shield)
rNeg     . . .     Faith    .   k - +0 ring mail
rPois    .         Spirit   .   (no helmet)
rElec    .         Reflect  .   d - +2 cloak
rCorr    +         Harm     .   q - +0 pair of gloves
MR       .....                  (no boots)
Stlth    ..........             (no amulet)
Regen    0.3/turn               D - ring of see invisible
MPRegen  0.2/turn               B - ring of resist corrosion

@: berserking (expiring), very quick
A: no striking features
a: no special abilities


You were on level 6 of the Dungeon.
You were not hungry.

You visited 1 branch of the dungeon, and saw 6 of its levels.

You collected 284 gold pieces.

Inventory:

Hand Weapons
 a - a +4 dagger (weapon)
 b - a +0 blowgun
 s - a +0 short sword
Missiles
 e - 11 tomahawks (quivered)
 f - 2 curare-tipped needles
 y - 3 poisoned needles
Armour
 d - a +2 cloak (worn)
 k - a +0 ring mail (worn)
 q - a +0 pair of gloves (worn)
 w - a +0 scale mail
Magical Staves
 t - an uncursed staff of air {unknown}
 C - an uncursed staff of summoning {unknown}
Jewellery
 h - an uncursed ring of flight
 B - a ring of resist corrosion (right hand)
 D - a ring of see invisible (left hand)
 E - an uncursed ring of fire
Wands
 v - a wand of random effects (0/48)
 G - a wand of random effects (21/48)
Scrolls
 n - 2 scrolls of amnesia
 u - a scroll of immolation
 F - a scroll of recharging {unknown}
 H - a scroll of teleportation {unknown}
Potions
 c - a potion of mutation {unknown}
 i - 2 potions of berserk rage
 j - a potion of agility {unknown}
 l - a potion of heal wounds {unknown}
 m - 2 potions of haste {unknown}
 o - a potion of degeneration {unknown}
 p - 2 potions of might {unknown}
 x - 2 potions of curing {unknown}
 z - a potion of brilliance {unknown}
 A - a potion of lignification {unknown}
Comestibles
 g - 3 bread rations
 I - a chunk of flesh


   Skills:
 + Level 3.7 Fighting
 + Level 4.8 Short Blades
 + Level 4.3 Throwing
 + Level 2.2 Armour
 + Level 1.6 Dodging
 + Level 5.5 Stealth


You had 7 spell levels left.
You didn't know any spells.

Dungeon Overview and Level Annotations

Branches:
Dungeon (6/15)
 Temple: D:4-7

Altars:


Message History

You puncture the orc wizard!
The orc wizard is severely wounded.
You puncture the orc wizard!
You kill the orc wizard!
You have reached level 8!
You feel stronger.
The orc priest invokes the aid of Beogh against you.
You struggle to resist.
You puncture the orc!
You kill the orc!
The orc priest calls down the wrath of Beogh upon you.
Beogh smites you!
* * * LOW HITPOINT WARNING * * *
Items here: )) [[ † a club; a ring mail; a dagger; a robe; an orc corpse You are too berserk!
You hit the orc priest.
The orc priest is heavily wounded.
The orc misses you. The orc priest hits you with a trident.
You die...

#. #..# #.# #. #..#
##>######## .. #..#
#.......... #o
#..#####..# #)†< #>
#.........#####.##
##§######..###........<.#
#.§§§..§..........#######
#..o§§§)oo.########
..o.o.#######@## #####.
#[# # #.# #.# #.# #.# ..#
#.# #.#


You could see an orc priest and an orc.

Vanquished Creatures
  An ogre (D:4)
  A centaur (D:6)
  A bullfrog (D:6)
  2 crimson imps (D:5)
  An orc priest (D:6)
  A bullfrog skeleton (D:4)
  A jelly (D:5)
  Crazy Yiuf (D:4)
  2 orc wizards (D:6)
  A worker ant (D:4)
  3 gnolls (D:5)
  9 adders
  A shadow imp (D:3)
  3 oozes
  2 adder skeletons (D:4)
  2 dart slugs
  8 orcs
  7 bats
  5 giant cockroaches
  4 goblins
  6 hobgoblins
  4 jackals (D:3)
  5 kobolds
  4 quokkas
  2 ball pythons (D:1)
  2 frilled lizards (D:1)
  A quokka skeleton (D:5)
  3 rats
83 creatures vanquished.

Notes
Turn   | Place    | Note
-------+----------+-------------------------------------------
     0 | D:1      | Targos the Human Assassin began the quest for the Orb.
     0 | D:1      | Reached XP level 1. HP: 16/16 MP: 1/1
     0 | D:1      | No shield
   327 | D:1      | Reached XP level 2. HP: 22/22 MP: 2/2
   513 | D:1      | Reached XP level 3. HP: 27/27 MP: 3/3
  1375 | D:2      | Reached XP level 4. HP: 34/34 MP: 4/4
  1412 | D:3      | Reached skill level 1 in Armour
  1725 | D:3      | Reached skill level 5 in Stealth
  2245 | D:3      | Reached XP level 5. HP: 39/39 MP: 5/5
  2448 | D:4      | Noticed an ogre
  2450 | D:4      | Killed an ogre
  2492 | D:4      | Reached XP level 6. HP: 46/46 MP: 6/6
  2979 | D:4      | Found a runed door.
  2983 | D:4      | Noticed Crazy Yiuf
  2992 | D:4      | Killed Crazy Yiuf
  3190 | D:5      | Entered Level 5 of the Dungeon
  3224 | D:5      | Reached XP level 7. HP: 52/52 MP: 7/7
  3908 | D:6      | Reached XP level 8. HP: 16/60 MP: 8/8
  3910 | D:6      | HP: 1/90 [orc priest/divine providence (15)]
  3911 | D:6      | Slain by an orc priest

Skill      XL: |  1  2  3  4  5  6  7 |
---------------+----------------------+-----
Armour         | 1 2 |  2.2
Stealth        | 5 |  5.5
Short Blades   | 3 4 |  4.8
Throwing       | 3 4 |  4.3
Fighting       | 3 |  3.7
Dodging        | |  1.6

Action                   |  1- 3 |  4- 6 |  7- 9 || total
-------------------------+-------+-------+-------++-------
Melee: Dagger            |    77 |   126 |    68 ||   271
 Fire: Blowgun           |    32 |    21 |     1 ||    54
Throw: Tomahawk          |       |     4 |     8 ||    12
Evoke: Wand              |       |       |     3 ||     3
  Use: Scroll            |     4 |     5 |     1 ||    10
       Potion            |       |       |     1 ||     1
 Stab: Sleeping          |     4 |     6 |     2 ||    12
       Distracted        |       |       |     1 ||     1
  Eat: Chunk             |     1 |     3 |     1 ||     5
       Royal jelly       |       |     2 |       ||     2
Armor: Ring mail         |    37 |    42 |    19 ||    98
       Robe              |     1 |       |       ||     1
Dodge: Dodged            |    40 |    66 |    24 ||   130
